 Dungeon Crawl Stone Soup version 0.23.1 (webtiles) character file.

Game seed: 17156381839294315973

63 Borgoz the Sneak (level 4, 0/35 HPs)
             Began as a Ghoul Enchanter on Mar 3, 2019.
             Slain by Robin
             ... wielding a +2 hand axe of chopping
              (3 damage)
             ... on level 2 of the Dungeon.
             The game lasted 00:03:41 (2013 turns).

Borgoz the Sneak (Ghoul Enchanter)                  Turns: 2013, Time: 00:03:42

Health: 0/35       AC:  3    Str: 11    XL:     4   Next: 10%
Magic:  6/6        EV: 12    Int: 15    God:
Gold:   74         SH:  0    Dex: 10    Spells: 6/7 levels left

rFire    . . .     SeeInvis .   l - +0 short sword
rCold    + . .     Gourm    .   (no shield)
rNeg     + + +     Faith    .   b - +0 robe
rPois    ∞         Spirit   .   (no helmet)
rElec    .         Reflect  .   (no cloak)
rCorr    .         Harm     .   (no gloves)
MR       .....                  j - +0 pair of boots
Stlth    ++........             (no amulet)
HPRegen  0.00/turn              (no ring)
MPRegen  0.10/turn              (no ring)

@: brilliant, rotting
A: rotting body, claws 1, carnivore, cold resistance 1, negative energy
resistance 3, inhibited regeneration, torment resistance, unbreathing
a: no special abilities


You were on level 2 of the Dungeon.
You were not hungry.

You visited 1 branch of the dungeon, and saw 2 of its levels.

You collected 74 gold pieces.

Inventory:

Hand Weapons
 l - a +0 short sword (weapon)
Armour
 b - a +0 robe (worn)
 j - a +0 pair of boots (worn)
Scrolls
 c - a scroll of fog {unknown}
 e - 2 scrolls of blinking {unknown}
 o - a scroll of fear {unknown}
Potions
 g - 2 potions of magic {unknown}
 h - a potion of invisibility {unknown}
 i - a potion of flight {unknown}
 k - a potion of resistance {unknown}
 m - a potion of ambrosia {unknown}
 n - a potion of might {unknown}
Comestibles
 d - 4 rations


   Skills:
 + Level 1.1 Fighting
 * Level 1.7 Short Blades
 + Level 0.5 Armour
 * Level 2.3 Dodging
 + Level 3.5 Stealth
 + Level 2.0 Spellcasting
 + Level 2.7 Hexes


You had 6 spell levels left.
You knew the following spells:

 Your Spells              Type           Power        Failure   Level  Hunger
a - Corona                Hex            ###....      1%          1    #......

Your spell library contained the following spells:

 Spells                   Type           Power        Failure   Level  Hunger
 Ensorcelled Hibernation  Hex/Ice        ##....       2%          2    ###....
 Confuse                  Hex            ###.....     2%          3    ###....
 Tukima's Dance           Hex            ###.....     2%          3    ###....
 Dazzling Spray           Conj/Hex       ##....       4%          3    ###....


Dungeon Overview and Level Annotations

Branches:
Dungeon (2/15)

Altars:
Nemelex Xobeh

Annotations:
D:2 Robin


Innate Abilities, Weirdness & Mutations

Your body is rotting away.
You thrive on raw meat.
You are immune to poison.
You have sharp fingernails.
You are carnivorous and can eat meat at any time.
Your flesh is cold resistant. (rC+)
You are immune to negative energy. (rN+++)
You do not regenerate when monsters are visible.
You are immune to unholy pain and torment.
You can survive without breathing.


Message History

You hit Robin.
Robin is moderately wounded.
Robin hits you with a +2 hand axe of chopping.
You are too injured to fight recklessly!
You are too injured to fight recklessly!
You are too injured to fight recklessly!
You are too injured to fight recklessly!
You are too injured to fight recklessly!
You hit Robin but do no damage.
Robin is moderately wounded.
Robin hits you with a +2 hand axe of chopping!
* * * LOW HITPOINT WARNING * * *
x2 You barely miss Robin.
Robin is moderately wounded.
Robin hits you with a +2 hand axe of chopping.
* * * LOW HITPOINT WARNING * * *
x2 It was a potion of brilliance.
You feel clever all of a sudden.
Robin hits you with a +2 hand axe of chopping.
You die...

#####.########......
.............>..... ####
##.......# #.....# #..
#.......####.#.#<### #.#
#..........#...÷...###.###
##.......##.###......g.g..#
.........##.# #.#.#.....#)# #
##.......##.###.#†#.#####.#.#
####.#####.....@g.#.....g.g#
##.÷.## ##....###.####...##
#.....####.....##...##.....#
##....................##......
.......####.....#....##..♣.....
#.#[..## ##....#....#...
....... #.##..#
#####.#.##...#... .♣....#
#.....# ............)#..<
.....## #.##.## .###..#....÷.#


You could see Robin.

Vanquished Creatures
  2 adders
  A dart slug (D:1)
  A leopard gecko (D:1)
  A ball python (D:2)
  A giant cockroach (D:1)
  12 goblins
  9 hobgoblins
  4 jackals
  A bat (D:2)
  A frilled lizard (D:2)
  2 kobolds (D:2)
  A rat (D:1)
36 creatures vanquished.

Notes
Turn   | Place    | Note
-------+----------+-------------------------------------------
     0 | D:1      | Borgoz the Ghoul Enchanter began the quest for the Orb.
     0 | D:1      | Reached XP level 1. HP: 14/14 MP: 2/2
    59 | D:1      | You fall through a shaft!
    74 | D:2      | Reached skill level 1 in Short Blades
   214 | D:2      | Reached XP level 2. HP: 11/20 MP: 3/3
   813 | D:1      | Reached XP level 3. HP: 3/27 MP: 4/4
  1192 | D:1      | Reached skill level 1 in Fighting
  1239 | D:1      | Found a sparkling altar of Nemelex Xobeh.
  1306 | D:2      | Noticed Robin
  1934 | D:1      | Reached XP level 4. HP: 18/35 MP: 5/5
  2013 | D:2      | Slain by Robin

Skill      XL: |  1  2  3  4 |
---------------+-------------+-----
Short Blades   | 1 |  1.7
Dodging        | 2 |  2.3
Fighting       | 1 |  1.1
Spellcasting   | 2 |  2.0
Armour         | |  0.5
Stealth        | |  3.5
Hexes          | |  2.7

Action                   |  1- 3 |  4- 6 || total
-------------------------+-------+-------++-------
Melee: Dagger            |    65 |       ||    65
       Short sword       |   115 |    30 ||   145
  Use: Potion            |       |     1 ||     1
 Stab: Sleeping          |     1 |       ||     1
  Eat: Chunk             |    17 |    10 ||    27
Armor: Robe              |    27 |     9 ||    36
Dodge: Dodged            |   111 |    28 ||   139
